 Dungeon Crawl Stone Soup version 0.28-a0-1524-ge72afd5fc6 (webtiles) character file.

Game seed: 10003151805534597928

25 psuckher the Sneak (level 3, -5/30 HPs)
             Began as a Barachi Delver on Jan 17, 2022.
             Slain by a mummy (11 damage)
             ... in an ossuary.
             The game lasted 00:02:46 (625 turns).

psuckher the Sneak (Barachi Delver)                  Turns: 625, Time: 00:02:47

Health: -5/30      AC:  3    Str: 15    XL:     3   Next: 4%
Magic:  3/3        EV: 12    Int: 10    God:
Gold:   0          SH:  0    Dex: 13    Spells: 2/2 levels left

rFire   . . .      SeeInvis .   a - +0 falchion
rCold   . . .      Faith    .   (no shield)
rNeg    . . .      Spirit   .   b - +0 leather armour
rPois   .          Reflect  .   (no helmet)
rElec   .          Harm     .   (no cloak)
rCorr   .          Rampage  .   (no gloves)
Will    .....                   (no boots)
Stlth   ++........              (no amulet)
HPRegen 0.10/turn               (no ring)
MPRegen 0.08/turn               (no ring)

@: slow
A: amphibious, slowness 1, strong legs 1, +LOS
a: Hop


You were in an ossuary.
You visited 1 branch of the dungeon, and saw 1 of its levels.
You also visited: Ossuary.

Inventory:

Hand Weapons
 a - a +0 falchion (weapon)
Armour
 b - a +0 leather armour (worn)
Magical Staves
 h - a staff of earth
Wands
 g - a wand of digging (3)
Scrolls
 c - a scroll of fog
 d - a scroll of magic mapping
 e - a scroll of fear
Potions
 f - a potion of haste


   Skills:
 + Level 3.8 Fighting
 + Level 3.3 Long Blades
 + Level 0.5 Armour
 + Level 2.3 Dodging
 + Level 4.7 Stealth


You had 2 spell levels left.
You didn't know any spells.
Your spell library was empty.

Dungeon Overview and Level Annotations

Branches:
Dungeon (5/15)            Ossuary (1/1)
 Temple: D:4-7

Altars:


Innate Abilities, Weirdness & Mutations

You are amphibious.
You cover ground slowly.
You can hop short distances.
You have an extended range of vision and can be seen from far away.


Message History

Increase (S)trength, (I)ntelligence, or (D)exterity?
You feel stronger. x2
You hit the orc skeleton.
The orc skeleton is heavily damaged.
The goblin zombie closely misses you. The orc skeleton misses you.
You hit the orc skeleton.
The orc skeleton is almost destroyed.
The goblin zombie barely misses you. The orc skeleton completely misses you.
You hit the orc skeleton.
You destroy the orc skeleton!
The goblin zombie hits you but does no damage.
The goblin zombie hits you.
You hit the goblin zombie but do no damage.
The goblin zombie hits you but does no damage.
You hit the goblin zombie.
The goblin zombie is moderately damaged.
The goblin zombie hits you but does no damage.
You hit the goblin zombie.
The goblin zombie is severely damaged.
The goblin zombie hits you but does no damage.
You hit the goblin zombie.
You destroy the goblin zombie!
The sentinel's mark upon you fades away.
A mummy comes into view.
The mummy hits you!
You barely miss the mummy. The mummy barely misses you.
You hit the mummy but do no damage. The mummy closely misses you.
You hit the mummy.
The mummy is lightly damaged.
The mummy hits you.
You hit the mummy.
The mummy is moderately damaged.
You hit the mummy.
The mummy is moderately damaged.
The mummy hits you!
* * * LOW HITPOINT WARNING * * *
You hit the mummy. Your punch misses the mummy.
The mummy is heavily damaged.
The mummy hits you!
You die...

##..##....##..##
##..##..##..##..#
##..##..####..##..
##..##..## ##..##.
##..##..## ##..##
##..##..## ##..#
##..##..## ##..
##..##..## ##.
##..##M@## ##
##..##..## #
##..##..#
##..##..#
##..##..#
##..##..#
##..##..#
##..##..# ##..##
..


You could see a mummy.

Vanquished Creatures
  2 gnoll skeletons (Ossuary)
  3 gnoll zombies (Ossuary)
  4 goblin skeletons (Ossuary)
  5 goblin zombies (Ossuary)
  3 hobgoblin skeletons (Ossuary)
  3 hobgoblin zombies (Ossuary)
  2 kobold skeletons (Ossuary)
  2 kobold zombies (Ossuary)
  3 orc skeletons (Ossuary)
  An orc zombie (Ossuary)
  4 rat skeletons (Ossuary)
  3 rat zombies (Ossuary)
35 creatures vanquished.

Notes
Turn   | Place    | Note
-------+----------+-------------------------------------------
     0 | D:5      | psuckher the Barachi Delver began the quest for the Orb.
     0 | D:5      | Reached XP level 1. HP: 18/18 MP: 1/1
     6 | D:5      | Found a sand-covered staircase.
    13 | Ossuary  | Entered an ossuary
    88 | Ossuary  | Reached XP level 2. HP: 10/25 MP: 2/2
   574 | Ossuary  | Reached XP level 3. HP: 21/30 MP: 3/3
   625 | Ossuary  | Slain by a mummy

Illustrated notes

Levels and vault maps discovered:
D:5:      layout_rooms, mainiacjoe_overflow_alcove_2, minmay_temple_entry_glass,
          nicolae_ossuary_entry_false_entrances, uniq_sigmund, uniq_ijyb,
          uniq_menkaure
Ossuary:  ossuary_due_pyramid

Skill      XL: |  1  2 |
---------------+-------+-----
Long Blades    | 3 |  3.3
Fighting       | |  3.8
Armour         | |  0.5
Dodging        | |  2.3
Stealth        | |  4.7

Action                   || total
-------------------------++-------
Melee: Falchion          ||   125
       Punch             ||     3
 Abil: Hop               ||     1
Armor: Leather armour    ||    45
Dodge: Dodged            ||    81

Table legend: (Time is in decaauts)
 A = Elapsed time spent in this place.
 B = Non-inter-level travel time spent in this place.
 C = Inter-level travel time spent in this place.
 D = Time resting spent in this place.
 E = Time spent auto-exploring this place.
 F = Levels seen in this place.
 G = Mean time per level.
                   A        B        C        D        E       F      G
               +--------+--------+--------+--------+--------+-----+--------+
         Total |    743 |    741 |      2 |      0 |      0 |   2 |  371.5 |
       Dungeon |     15 |     13 |      2 |      0 |      0 |   1 |   15.0 |
       Ossuary |    728 |    728 |      0 |      0 |      0 |   1 |  728.0 |
               +--------+--------+--------+--------+--------+-----+--------+

Top non-repeatable levels by time:
 Ossuary: 728 daAuts
     D:5: 15 daAuts
